 Dungeon Crawl Stone Soup version 0.21.1-1-g345015fe64 (webtiles) character file.

6734 Jannitor the Blocker (level 10, -6/96 HPs)
             Began as a Deep Dwarf Fighter on Apr 27, 2018.
             Was an Initiate of Makhleb.
             Mangled by an orc warrior
             ... wielding a +0 glaive
              (16 damage)
             ... on level 10 of the Dungeon.
             The game lasted 00:09:56 (6312 turns).

Jannitor the Blocker (Deep Dwarf Fighter)           Turns: 6312, Time: 00:09:57

Health: -6/96      AC: 12    Str: 21 (22) XL:     10   Next: 75%
Magic:  4/4        EV:  6    Int: 13 (14) God:    Makhleb [......]
Gold:   270        SH: 11    Dex:  9 (12) Spells: 9/9 levels left

rFire    . . .     SeeInvis .   a - +0 war axe
rCold    + + .     Gourm    .   c - +0 shield
rNeg     . . .     Faith    .   z - +0 plate armour {rC+}
rPois    .         Spirit   .   (no helmet)
rElec    .         Reflect  .   d - +0 cloak
rCorr    +         Harm     .   e - +0 pair of gloves
MR       ++...                  s - +0 pair of boots
Stlth    ..........             (no amulet)
HPRegen  0.00/turn              u - ring "Xamninem" {rCorr Int+4}
MPRegen  0.09/turn              E - ring of protection from cold

@: non-regenerating, drained
A: damage resistance, heal wounds, deformed body, magic resistance 1, sense
surroundings 2, sturdy frame 1, no regeneration
a: Heal Wounds, Renounce Religion


You were on level 10 of the Dungeon.
You worshipped Makhleb.
Makhleb was noncommittal.
You were not hungry.

You visited 2 branches of the dungeon, and saw 11 of its levels.

You collected 452 gold pieces.
You spent 182 gold pieces at shops.

Inventory:

Hand Weapons
 a - a +0 war axe (weapon)
 y - a +0 battleaxe
 D - a -1 war axe
Armour
 b - a +0 scale mail
 c - a +0 shield (worn)
 d - a +0 cloak (worn)
 e - a +0 pair of gloves (worn)
 s - a +0 pair of boots (worn)
 z - a +0 plate armour of cold resistance (worn)
Jewellery
 u - the ring "Xamninem" (left hand) {rCorr Int+4}
   (You found it on level 6 of the Dungeon)

   [ring of resist corrosion]

   It affects your intelligence (+4).
 E - a ring of protection from cold (right hand)
 F - a cursed -2 ring of evasion {unknown}
 I - an uncursed ring of protection from cold
Wands
 q - a wand of enslavement (1)
 v - a wand of polymorph (29)
 A - a wand of random effects (47)
 C - a wand of iceblast (2)
Scrolls
 h - 5 scrolls of identify
 i - 5 scrolls of magic mapping
 n - a scroll of immolation
 w - 2 scrolls of teleportation
 B - 3 scrolls of enchant weapon
 G - a scroll of remove curse
 K - a scroll of amnesia {unknown}
 L - a scroll of fog {unknown}
Potions
 g - a potion of ambrosia
 j - 2 potions of heal wounds {unknown}
 k - a potion of lignification
 l - 2 potions of haste
 m - 2 potions of mutation
 o - 2 potions of degeneration
 p - a potion of cancellation {unknown}
 r - 2 potions of berserk rage {unknown}
 x - 6 potions of curing {unknown}
 H - a potion of brilliance {unknown}
 J - 3 potions of invisibility {unknown}
 M - a potion of resistance {unknown}
Books
 t - a book of Geomancy

   Spells                             Type                      Level
   a - Sandblast                      Earth                        1
   b - Passwall                       Transmutation/Earth          2
   c - Stone Arrow                    Conjuration/Earth            3
   d - Petrify                        Transmutation/Earth          4
   e - Lee's Rapid Deconstruction     Earth                        5
Comestibles
 f - 13 rations


   Skills:
 + Level 8.1(6.9) Fighting
 + Level 9.3(8.1) Axes
 + Level 9.6(8.4) Armour
 + Level 9.6(8.4) Shields


You had 9 spell levels left.
You didn't know any spells.

Dungeon Overview and Level Annotations

Branches:
Dungeon (10/15)            Temple (1/1) D:7            Lair (0/6) D:10
    Orc (0/2) D:9

Altars:
Ashenzari
Cheibriados
Dithmenos
Elyvilon
Fedhas
Gozag
Hepliaklqana
Kikubaaqudgha
Makhleb
Nemelex Xobeh
Okawaru
Qazlal
Ru
Sif Muna
Trog
Uskayaw
Vehumet
Wu Jian
Xom
Yredelemnul
Zin
The Shining One

Shops:
D:9 (

Annotations:
D:2 1 runed door
D:10 Nergalle


Innate Abilities, Weirdness & Mutations

You are resistant to damage.
You can heal yourself by infusing magical energy.
You passively map the area around you.
You do not regenerate.
Armour fits poorly on your strangely shaped body.
You are resistant to hostile enchantments. (MR+)
Your movements are slightly less encumbered by armour. (ER -2)


Message History

You block the spectral orc warrior's attack.
The spectral orc warrior hits you but does no damage.
The spectral orc knight hits you with an enchanted great mace!
* * * LOW HITPOINT WARNING * * *
Nergalle hits you but does no damage. The hungry ghost hits you.
You are starving!
The spectral orc knight hits you but does no damage.
Unknown command.
You're too hungry.
Unknown command.
You eat one of the 14 rations.
That ration really hit the spot!
The orc warrior hits you but does no damage.
The spectral orc warrior barely misses you.
You block the spectral orc warrior's attack.
Nergalle gestures at you while chanting.
The bolt of negative energy hits you!
You feel drained.
* * * LOW HITPOINT WARNING * * *
The spectral orc knight barely misses you.
The orc warrior hits you from afar with a glaive!!
You die...

* ,, *
....#?.............# *
......#..o.)......# ,
**#...............##
#................#
#.#.#....$.......# *, **
* ,#.oo...........# * ,,
, ,##Y#o....l.....# **
,...######Yloo..........#
,
*......Z@Wo#o##........#
....≈≈ZZoZ#.##.......#* *
#..≈≈≈≈Z≈.#.. ......., *
#..§§h§§≈.....<..... ,
#.≈§§§h≈...... ,... , ,
*#.≈≈.§§≈§...... , ,
.§≈.≈≈≈≈......., ,, ,,, ,
.§.≈≈≈........., , , , ,
, , , , ,


You could see Nergalle, 3 spectral orc warriors, 2 spectral orc knights, 2 yaks,
a hungry ghost, an orc warrior, 2 hell hounds, an iguana, an orc priest and 3
orcs.

Vanquished Creatures
  Erolcha (D:9)
  A two-headed ogre (D:8)
  A gargoyle (D:10)
  A merfolk (D:9)
  The ghost of htuhola the Chiller, an amateur DrIE (D:4)
  2 hippogriffs (D:9)
  Sigmund (D:2)
  4 yaks (D:10)
  Grum (D:9)
  Duvessa (D:4)
  A water moccasin (D:9)
  2 ice beasts
  A sky beast (D:6)
  2 orc warriors
  The ghost of tonygun the Covered, an amateur DDFi (D:3)
  A phantom (D:7)
  A necrophage (D:7)
  3 wolves (D:9)
  An ogre (D:9)
  3 centaurs
  Blork the orc (D:5)
  6 bullfrogs
  Dowan (D:4)
  A wyvern skeleton (D:6)
  2 scorpions (D:5)
  3 wights (D:7)
  An electric eel (D:6)
  5 crimson imps
  A jelly (D:9)
  2 hounds
  2 bullfrog skeletons
  A centaur skeleton (D:9)
  An orc priest (D:8)
  7 orc wizards
  3 iguanas
  Jessica (D:2)
  Ijyb (D:5)
  6 worker ants
  A howler monkey skeleton (D:5)
  7 gnolls
  12 adders
  2 shadow imps (D:6)
  2 oozes (D:4)
  2 adder skeletons (D:4)
  3 worms
  A dart slug (D:1)
  5 leopard geckos
  30 orcs
  5 giant cockroaches
  8 goblins
  7 hobgoblins
  3 jackals (D:3)
  10 kobolds
  3 quokkas
  2 ball pythons (D:5)
  2 bats
  6 frilled lizards
  A giant cockroach zombie (D:5)
  A quokka zombie (D:5)
  4 rats
192 creatures vanquished.

Notes
Turn   | Place    | Note
-------+----------+-------------------------------------------
     0 | D:1      | Jannitor the Deep Dwarf Fighter began the quest for the Orb.
     0 | D:1      | Reached XP level 1. HP: 20/20 MP: 1/1
   135 | D:1      | Reached XP level 2. HP: 27/27 MP: 2/2
   147 | D:2      | Noticed Jessica
   154 | D:2      | Killed Jessica
   154 | D:2      | Reached XP level 3. HP: 31/34 MP: 3/3
   340 | D:3      | Reached XP level 4. HP: 37/42 MP: 4/4
   355 | D:3      | Noticed tonygun's ghost (amateur DDFi)
   362 | D:3      | Killed tonygun's ghost
   362 | D:3      | Reached XP level 5. HP: 27/49 MP: 5/5
   555 | D:5      | Entered Level 5 of the Dungeon
   581 | D:5      | Reached XP level 6. HP: 41/57 MP: 5/5
   616 | D:5      | Noticed Ijyb
   642 | D:5      | Killed Ijyb
   672 | D:5      | Reached skill level 5 in Armour
   672 | D:5      | Reached skill level 5 in Shields
   677 | D:5      | Noticed an ice beast
   685 | D:5      | Killed an ice beast
   694 | D:5      | Reached XP level 7. HP: 33/64 MP: 6/6
   844 | D:6      | Got a scorched pewter ring
   845 | D:6      | Identified the ring "Xamninem" {rCorr Int+4} (You found it on level 6 of the Dungeon)
   937 | D:6      | Reached skill level 5 in Axes
  1110 | D:6      | Reached skill level 5 in Fighting
  1110 | D:6      | Reached XP level 8. HP: 57/74 MP: 6/6
  1884 | D:7      | Found a faded altar of an unknown god.
  1884 | D:7      | Found a blossoming altar of Fedhas.
  1890 | D:7      | Found a sparkling altar of Nemelex Xobeh.
  1892 | D:7      | Found a basalt altar of Yredelemnul.
  1893 | D:7      | Found a faded altar of an unknown god.
  2056 | D:7      | Found a staircase to the Ecumenical Temple.
  2213 | Temple   | Entered the Ecumenical Temple
  2597 | D:8      | Found a hazy altar of Hepliaklqana.
  2646 | D:8      | Noticed a two-headed ogre
  2659 | D:8      | Killed a two-headed ogre
  2659 | D:8      | Gained mutation: You passively map the area around you. [Deep Dwarf growth]
  2659 | D:8      | Reached XP level 9. HP: 64/84 MP: 7/7
  2896 | D:9      | Noticed Grum
  2928 | D:9      | Killed Grum
  2994 | D:9      | Found a staircase to the Orcish Mines.
  3099 | D:9      | Found Kirchekep's Antique Weapon Shop.
  3127 | D:9      | Bought a runed war axe for 182 gold pieces
  3178 | D:9      | Reached XP level 10. HP: 58/94 MP: 6/6
  3191 | D:9      | Noticed Erolcha
  3208 | D:9      | Killed Erolcha
  3724 | D:5      | Noticed Blork the orc
  3733 | D:5      | Killed Blork the orc
  4101 | D:4      | Noticed Duvessa
  4101 | D:4      | Noticed Dowan
  4124 | D:4      | Killed Duvessa
  4127 | D:4      | Killed Dowan
  4417 | D:4      | Noticed htuhola's ghost (amateur DrIE)
  4433 | D:4      | Killed htuhola's ghost
  5576 | D:2      | Noticed Sigmund
  5590 | D:2      | Killed Sigmund
  5781 | D:2      | Found a runed door.
  6003 | D:2      | Found a glowing golden altar of the Shining One.
  6004 | D:2      | Found a burning altar of Makhleb.
  6010 | D:2      | Became a worshipper of Makhleb the Destroyer
  6204 | D:10     | Entered Level 10 of the Dungeon
  6209 | D:10     | Noticed Nergalle
  6215 | D:10     | Found a staircase to the Lair.
  6222 | D:10     | Noticed a gargoyle
  6235 | D:10     | Gained mutation: Your movements are slightly less encumbered by armour. (ER -2) [potion of mutation]
  6235 | D:10     | Gained mutation: Armour fits poorly on your strangely shaped body. [potion of mutation]
  6235 | D:10     | Gained mutation: You are resistant to hostile enchantments. (MR+) [potion of mutation]
  6242 | D:10     | Killed a gargoyle
  6312 | D:10     | Mangled by an orc warrior

Skill      XL: |  1  2  3  4  5  6  7  8  9 10 |
---------------+-------------------------------+-----
Fighting       | 3 4 5 6 7 8 |  8.1
Axes           | 3 4 5 7 8 9 |  9.3
Armour         | 4 5 6 7 8 9 |  9.6
Shields        | 4 5 6 7 8 9 |  9.6

Action                   |  1- 3 |  4- 6 |  7- 9 | 10-12 || total
-------------------------+-------+-------+-------+-------++-------
Melee: War axe           |    66 |    93 |   403 |   335 ||   897
 Abil: Heal Wounds       |       |     2 |    17 |    12 ||    31
Evoke: Wand              |       |       |     1 |       ||     1
  Use: Potion            |       |     1 |       |     4 ||     5
       Scroll            |       |     3 |     3 |     1 ||     7
  Eat: Chunk             |       |       |     8 |    10 ||    18
       Ration            |       |       |       |     3 ||     3
Armor: Scale mail        |    26 |    56 |    25 |       ||   107
       Plate armour      |       |       |   228 |   176 ||   404
       Skin              |       |       |       |    91 ||    91
Dodge: Dodged            |    18 |    28 |   114 |    71 ||   231
Block: Shield            |    23 |    63 |   271 |   252 ||   609
